 Dungeon Crawl Stone Soup version 0.19.5 (webtiles) character file.

1756 tidbits the Slasher (level 8, -6/50 HPs)
             Began as a High Elf Wanderer on Aug 8, 2017.
             Killed by divine providence
             ... invoked by an orc priest
              (11 damage)
             ... on level 8 of the Dungeon.
             The game lasted 00:25:06 (2808 turns).

tidbits the Slasher (High Elf Wanderer)             Turns: 2808, Time: 00:25:07

Health: -6/50      AC: 11    Str: 13    XL:     8   Next: 78%
Magic:  10/10      EV: 13    Int: 16    God:
Gold:   150        SH:  5    Dex: 17    Spells: 0 memorised, 9 levels left

rFire  . . .     SeeInvis .     a - +10 long sword "Vauckede" {speed, rElec rC- MR+ Dex+2}
rCold  x . .     Gourm    .     B - +0 ring mail
rNeg   . . .     Faith    .     D - +0 buckler
rPois  +         Spirit   .     (no helmet)
rElec  +         Reflect  .     C - +0 cloak
rCorr  .         Harm     .     G - +2 pair of gloves
MR     +....                    F - +1 pair of boots
Stlth  +.........               v - amulet of rage
                                (no ring)
                                P - ring of poison resistance

@: no status effects
A: no striking features
a: Evoke Berserk Rage


You were on level 8 of the Dungeon.
You were not hungry.

You visited 2 branches of the dungeon, and saw 10 of its levels.

You collected 293 gold pieces.
You spent 143 gold pieces at shops.

Inventory:

Hand Weapons
 a - the +10 long sword "Vauckede" (weapon) {speed, rElec rC- MR+ Dex+2}
   (You found it on level 5 of the Dungeon)

   Attacks with this weapon are significantly faster.
   It affects your dexterity (+2).
   It makes you vulnerable to cold.
   It insulates you from electricity.
   It affects your resistance to hostile enchantments.
 b - a +0 shortbow
 p - a +0 hand crossbow
   (You found it on level 3 of the Dungeon)
 t - a +2 mace
Missiles
 c - 82 arrows
 g - 126 stones (quivered)
 I - 6 tomahawks
Armour
 e - a +0 robe
 y - a +0 scale mail
   (You found it on level 6 of the Dungeon)
 B - a +0 ring mail (worn)
   (You found it on level 2 of the Dungeon)
 C - a +0 cloak (worn)
   (You found it on level 5 of the Dungeon)
 D - a +0 buckler (worn)
   (You found it on level 6 of the Dungeon)
 F - a +1 pair of boots (worn)
   (You found it on level 1 of the Dungeon)
 G - a +2 pair of gloves (worn)
   (You found it on level 3 of the Dungeon)
Jewellery
 v - an amulet of rage (around neck)
   (You found it on level 4 of the Dungeon)
 P - a ring of poison resistance (left hand)
   (You found it on level 5 of the Dungeon)
Wands
 j - a wand of confusion (11/48)
   (You found it on level 4 of the Dungeon)
 o - a wand of digging (15/24)
   (You found it on level 3 of the Dungeon)
 u - a wand of acid (9/15)
   (You found it on level 6 of the Dungeon)
 x - a wand of paralysis (12/24)
   (You found it on level 6 of the Dungeon)
 A - a wand of random effects (25/48)
   (You found it on level 4 of the Dungeon)
Scrolls
 i - 2 scrolls of identify
 k - a scroll of fear {unknown}
 m - a scroll of immolation {unknown}
 r - 4 scrolls of remove curse
 s - 4 scrolls of recharging
 z - a scroll of brand weapon {unknown}
 E - a scroll of amnesia
 L - 2 scrolls of teleportation {unknown}
Potions
 d - 4 potions of curing
 h - 3 potions of invisibility
 l - a potion of heal wounds
 n - a potion of resistance
 w - a potion of lignification
 H - a potion of agility
 M - a potion of flight
Comestibles
 f - 7 bread rations
 q - 4 meat rations


   Skills:
 + Level 2.1 Fighting
 * Level 7.7 Long Blades
 - Level 1.0 Maces & Flails
 - Level 7.4 Bows
 - Level 1.0 Throwing
 - Level 1.7 Armour
 + Level 5.0 Dodging
 - Level 1.1 Stealth
 - Level 4.2 Shields
 - Level 1.2 Spellcasting
   Level 1.1 Transmutations
   Level 1.0 Fire Magic
 - Level 1.3 Evocations


You had 9 spell levels left.
You didn't know any spells.

Dungeon Overview and Level Annotations

Branches:
Dungeon (9/15)             Temple (1/1) D:4
   Lair: D:8-11         Orc: D:9-12

Altars:
Cheibriados
Dithmenos
Elyvilon
Fedhas
Gozag
Kikubaaqudgha
Nemelex Xobeh
Ru
Trog
Uskayaw
Vehumet
Xom
Yredelemnul
Zin

Shops:
D:6 ?   D:8 [

Annotations:
D:2 Terence


Message History

Prince Ribbit is lightly wounded.
Your ring mail prevents you from hitting Prince Ribbit.
Prince Ribbit is lightly wounded.
Prince Ribbit blinks!
Prince Ribbit hops awkwardly around.
Prince Ribbit misses you.
You riposte.
You miss Prince Ribbit.
Prince Ribbit is lightly wounded.
You hit Prince Ribbit.
Prince Ribbit is moderately wounded.
Prince Ribbit hits you!
You hit Prince Ribbit.
Prince Ribbit is moderately wounded.
Prince Ribbit hits you but does no damage.
You slash Prince Ribbit!
Prince Ribbit is severely wounded.
Prince Ribbit closely misses you.
You slash Prince Ribbit!
You kill Prince Ribbit!
Prince Ribbit returns to his original shape as he dies.
Your Dodging skill increases to level 5!
Your Shields skill increases to level 4!
An orc comes into view.
You see here 2 tomahawks.
I - 6 tomahawks (gained 2)
Found a glowing silver altar of Zin.
You slash the orc!
You kill the orc!
Press: ? - help, . - travel You can't see that place. [a glowing silver altar of Zin.] Unknown command.
Adjust (i)tems, (s)pells, or (a)bilities?
Adjust which item? (? for menu, Esc to quit)
s - 2 scrolls of identify Adjust to which letter? (? for menu, Esc to quit)
i - 2 scrolls of identify;
s - 4 scrolls of recharging
Okay, then.
Unknown command.
As you read the scroll labeled VUPPEOMN TEIJ, it crumbles to dust.
It is a scroll of amnesia.
You feel forgetful for a moment.
c - 82 arrows (gained 23)
You see here an uncursed shortbow.
An orc and an orc priest come into view.
The orc is wielding a hand axe of electrocution.
The orc priest shouts!
An orc warrior and an orc wizard come into view.
The orc priest hits you but does no damage.
The orc warrior shouts!
You slash the orc priest!
The orc priest is heavily wounded.
You barely miss the orc priest.
The orc priest is heavily wounded.
The orc priest hits you but does no damage.
You barely miss the orc priest.
The orc priest is heavily wounded.
The orc priest mumbles some strange prayers to Beogh against you.
Beogh smites you!
The orc shouts!
You hear a shout! x2
You hit the orc priest.
The orc priest is almost dead.
You hit the orc priest but do no damage.
The orc priest is almost dead.
The orc priest completely misses you.
You slash the orc priest!
You kill the orc priest!
An orc priest comes into view. It is wielding a whip.
The orc warrior hits you with a dire flail!
* * * LOW HITPOINT WARNING * * *
A leopard gecko comes into view.
The orc priest mumbles some strange prayers to Beogh against you.
Beogh smites you!
* * * LOW HITPOINT WARNING * * *
Evoke which item? (* to show all) (? for menu, Esc to quit)
Okay, then.
Unknown command.
As you read the scroll of fog, it crumbles to dust.
The scroll dissolves into smoke.
The orc warrior hits you with a dire flail.
* * * LOW HITPOINT WARNING * * *
The leopard gecko hisses angrily.
The leopard gecko bites you but does no damage.
The leopard gecko bites you but does no damage.
Okay, then.
Unknown command.
Evoke which item? (* to show all) (? for menu, Esc to quit)
Okay, then.
Evoke which item? (* to show all) (? for menu, Esc to quit)
Zapping:
o - a wand of digging (16/24)
Press: ? - help, Shift-Dir - straight line, f - you The rock shatters into small pieces.
This wand has 15 charges left.
The leopard gecko closely misses you.
You riposte.
You slash the leopard gecko!
You kill the leopard gecko!
The orc warrior completely misses you.
The orc wizard points at you and mumbles some strange words.
The magic dart hits you!
* * * LOW HITPOINT WARNING * * *
The orc priest invokes the aid of Beogh against you.
Beogh smites you!
You die...

###
##.###
##.@..#
##....##
##...o.#
#......#
##.....#
##.§§o#
##§o§#
###
##§##
#.. #§#
#.#


You could see an orc warrior, an orc priest and an orc wizard.

Vanquished Creatures
  The ghost of p0werm0de the Slasher, an amateur HECK of Xom (D:5)
  Prince Ribbit (D:8)
  A hungry ghost (D:8)
  A sky beast (D:5)
  2 centaurs (D:8)
  3 ogres (D:5)
  3 bullfrogs
  A crimson imp (D:5)
  2 hounds
  A quasit (D:5)
  A centaur skeleton (D:5)
  2 orc wizards
  2 orc priests
  An iguana (D:4)
  6 worker ants
  A hound skeleton (D:9)
  5 adders
  A shadow imp (D:5)
  An adder skeleton (D:8)
  2 worms (D:2)
  4 leopard geckos
  9 orcs
  6 giant cockroaches (D:1)
  6 hobgoblins
  3 jackals (D:6)
  5 quokkas
  3 bats (D:2)
  2 frilled lizards (D:2)
  6 goblins
  2 kobolds
  5 rats
89 creatures vanquished.

Notes
Turn   | Place    | Note
-------+----------+-------------------------------------------
     0 | D:1      | tidbits the High Elf Wanderer began the quest for the Orb.
     0 | D:1      | tidbits set off with: a +2 mace, a +0 shortbow, 21 arrows, a potion of curing, a +0 robe, a bread ration
     0 | D:1      | Reached XP level 1. HP: 14/14 MP: 3/3
     5 | D:1      | Reached skill level 1 in Bows
   197 | D:1      | Reached skill level 2 in Bows
   220 | D:1      | Reached XP level 2. HP: 17/19 MP: 4/4
   429 | D:2      | Reached skill level 3 in Bows
   619 | D:2      | Reached XP level 3. HP: 24/24 MP: 5/5
   662 | D:2      | Found an opulent altar of Gozag.
   686 | D:2      | Noticed Terence
   712 | D:3      | Reached skill level 4 in Bows
  1005 | D:5      | Entered Level 5 of the Dungeon
  1028 | D:5      | Reached XP level 4. HP: 28/29 MP: 6/6
  1041 | D:5      | Reached skill level 5 in Bows
  1071 | D:5      | Reached skill level 6 in Bows
  1079 | D:5      | Noticed an ogre
  1079 | D:5      | Reached XP level 5. HP: 17/34 MP: 7/7
  1104 | D:5      | Killed an ogre
  1104 | D:5      | Reached skill level 7 in Bows
  1128 | D:5      | Got a twisted long sword
  1129 | D:5      | Identified the +10 long sword "Vauckede" {speed, rElec rC- MR+ Dex+2} (You found it on level 5 of the Dungeon)
  1136 | D:5      | Reached skill level 1 in Long Blades
  1136 | D:5      | Reached XP level 6. HP: 26/39 MP: 8/8
  1202 | D:6      | Found a shadowy altar of Dithmenos.
  1231 | D:6      | Reached skill level 2 in Long Blades
  1329 | D:4      | Found a staircase to the Ecumenical Temple.
  1339 | Temple   | Entered the Ecumenical Temple
  1436 | D:4      | Reached skill level 3 in Long Blades
  1684 | D:4      | Reached skill level 4 in Long Blades
  1890 | D:5      | Reached skill level 1 in Evocations
  1890 | D:5      | Reached XP level 7. HP: 14/45 MP: 9/9
  1928 | D:5      | Noticed p0werm0de's ghost (amateur HECK)
  1964 | D:5      | Killed p0werm0de's ghost
  1964 | D:5      | Reached skill level 5 in Long Blades
  1964 | D:5      | Reached skill level 1 in Dodging
  1964 | D:5      | Reached skill level 1 in Shields
  2047 | D:5      | Reached skill level 2 in Dodging
  2063 | D:5      | Reached skill level 2 in Shields
  2175 | D:5      | Reached skill level 6 in Long Blades
  2217 | D:5      | Reached skill level 3 in Dodging
  2250 | D:6      | Found Nije's Magic Scroll Boutique.
  2254 | D:6      | Bought a scroll of fog for 26 gold pieces
  2254 | D:6      | Bought a scroll of random uselessness for 13 gold pieces
  2314 | D:6      | Found a snail-covered altar of Cheibriados.
  2398 | D:6      | Bought a scroll of identify for 26 gold pieces
  2398 | D:6      | Bought a scroll of identify for 26 gold pieces
  2398 | D:6      | Bought a scroll of identify for 26 gold pieces
  2398 | D:6      | Bought a scroll of identify for 26 gold pieces
  2408 | D:6      | Found a basalt altar of Yredelemnul.
  2421 | D:6      | Reached XP level 8. HP: 38/50 MP: 10/10
  2487 | D:7      | Reached skill level 3 in Shields
  2558 | D:8      | Found Meotarosi's Antique Armour Shoppe.
  2672 | D:8      | Reached skill level 4 in Dodging
  2694 | D:8      | Reached skill level 7 in Long Blades
  2715 | D:8      | Noticed Prince Ribbit
  2725 | D:8      | Killed Prince Ribbit
  2725 | D:8      | Reached skill level 5 in Dodging
  2725 | D:8      | Reached skill level 4 in Shields
  2732 | D:8      | Found a glowing silver altar of Zin.
  2807 | D:8      | HP: 5/50 [orc wizard/magic dart (3)]
  2808 | D:8      | Killed from afar by an orc priest

Skill      XL: |  1  2  3  4  5  6  7  8 |
---------------+-------------------------+-----
Bows           | 2 3 4 6 7 |  7.4
Long Blades    | 1 4 6 7 |  7.7
Evocations     | 1 |  1.3
Dodging        | 3 5 |  5.0
Shields        | 2 4 |  4.2
Fighting       | |  2.1
Maces & Flails | |  1.0
Throwing       | |  1.0
Armour         | |  1.7
Stealth        | |  1.1
Spellcasting   | |  1.2
Transmutations | |  1.1
Fire Magic     | |  1.0

Action                   |  1- 3 |  4- 6 |  7- 9 || total
-------------------------+-------+-------+-------++-------
Melee: Mace              |    33 |    19 |       ||    52
       Long sword        |       |    48 |   107 ||   155
 Fire: Shortbow          |    92 |    11 |       ||   103
Throw: Stone             |       |     1 |       ||     1
Evoke: Wand              |       |     3 |     4 ||     7
  Use: Scroll            |     5 |     4 |     7 ||    16
 Stab: Paralysed         |       |       |     8 ||     8
       Sleeping          |       |       |     2 ||     2
  Eat: Chunk             |       |     2 |     3 ||     5
       Beef jerky        |       |     1 |       ||     1
Armor: Robe              |    10 |       |       ||    10
       Ring mail         |    26 |    24 |    31 ||    81
Dodge: Dodged            |    52 |    28 |    33 ||   113
Block: Buckler           |       |       |    15 ||    15
       Rpst.: Long sword |       |     4 |     9 ||    13

Table legend:
 A = Turns spent in this place as a percentage of turns spent in the entire game.
 B = Non-inter-level travel turns spent in this place as a percentage of non-inter-level travel turns spent in the entire game.
 C = Inter-level travel turns spent in this place as a percentage of turns spent in this place.
 D = Turns resting spent in this place as a percentage of non-inter-level travel turns spent in this place.
 E = Turns spent auto-exploring this place as a percentage of non-inter-level travel turns spent in this place.
 F = Non-inter-level travel turns spent in this place divided by the number of levels of this place that you've seen.
                   A       B       C       D       E      F
               +-------+-------+-------+-------+-------+----------------------
         Total | 100.0 | 100.0 |   0.1 |   0.0 |   0.0 | 255.3
       Dungeon |  97.8 |  97.8 |   0.1 |   0.0 |   0.0 | 277.6
        Temple |   2.2 |   2.2 |   1.8 |   0.0 |   0.0 |  55.0
               +-------+-------+-------+-------+-------+----------------------

Table legend:
 A = Kills in this place as a percentage of kills in entire the game.
 B = Kills by you in this place as a percentage of kills by you in the entire game.
 C = Kills by friends in this place as a percentage of kills by friends in the entire game.
 D = Other kills in this place as a percentage of other kills in the entire game.
 E = Experience gained in this place as a percentage of experience gained in the entire game.
 F = Experience gained in this place divided by the number of levels of this place that you have seen.
                   A       B       C       D       E      F
               +-------+-------+-------+-------+-------+----------------------
         Total | 100.0 | 100.0 |  -nan |  -nan | 100.0 | 250.9
       Dungeon | 100.0 | 100.0 |  -nan |  -nan | 100.0 | 278.8
               +-------+-------+-------+-------+-------+----------------------

Vault maps used:
D:1:      dpeg_arrival_prison
D:2:      grunt_gozag_breadcrumbs, uniq_terence
D:4:      minmay_door_path, grunt_qazlal_sundering
D:5:      first_bread
D:6:      nicolae_dithmenos_through_a_glass_darkly, yredelemnul_altar_generic,
          kennysheep_mini, chequers_temple_overflow_minitemple, serial_shops,
          shop_scrolls
D:7:      lemuel_doored_altar, nicolae_overflow_crystal_walls, uniq_menkaure
D:8:      overflow_temple_1_default, lemuel_coloured_pillars_altar,
          nicolae_tso_carved_into_rock, serial_shops, shop, uniq_prince_ribbit1
D:9:      tgw_sif, erik_orc_2, blue_anna_alchemist, uniq_joseph
Temple:   nicolae_temple_figure_zero
